 Dungeon Crawl Stone Soup version 0.17.0-23-g0de4337 (webtiles) character file.

316 Leibowitz the Poker (level 6, -1/47 HPs)
             Began as a Merfolk Gladiator on Nov 14, 2015.
             Slain by a gnoll
             ... wielding a +0 halberd
              (5 damage)
             ... on level 3 of the Dungeon.
             The game lasted 00:07:00 (1836 turns).

Leibowitz the Poker (Merfolk Gladiator)             Turns: 1836, Time: 00:07:00

Health: -1/47      AC:  5    Str: 15      XL:     6   Next: 44%
Magic:  6/6        EV: 14    Int:  8      God:
Gold:   141        SH:  0    Dex: 12 (16) Spells: 0 memorised, 5 levels left

rFire  . . .     SeeInvis .     a - +1 trident
rCold  . . .     Clarity  .     b - +0 leather armour
rNeg   . . .     SustAt   .     (no shield)
rPois  .         Gourm    .     c - +1 helmet
rElec  .         Spirit   .     (no cloak)
rCorr  .         Warding  .     (no gloves)
rMut   .         Stasis   .     (no boots)
MR     .....                    k - amulet of regeneration
Stlth  ++........               (no ring)
                                (no ring)

@: not resistant to hostile enchantments, unstealthy
A: change form in water, swift swim
a: no special abilities


You were on level 3 of the Dungeon.
You were very hungry.

You visited 1 branch of the dungeon, and saw 3 of its levels.

You collected 141 gold pieces.

Inventory:

Hand Weapons
 a - a +1 trident (weapon)
Missiles
 d - 6 poisoned needles
 s - 3 throwing nets (quivered)
Armour
 b - a +0 leather armour (worn)
 c - a +1 helmet (worn)
Jewellery
 k - an amulet of regeneration (around neck)
 o - an uncursed amulet of warding
Scrolls
 i - a scroll of identify
 l - a scroll of fog
Potions
 g - a potion of curing
 h - 2 potions of heal wounds
 p - a potion of resistance
Comestibles
 f - 4 bread rations
 j - a beef jerky
 n - 2 meat rations


   Skills:
 + Level 3.1 Fighting
 + Level 6.2 Polearms
 + Level 2.2 Throwing
 + Level 1.9 Armour
 + Level 6.1 Dodging
 + Level 2.0 Stealth


You had 5 spell levels left.
You didn't know any spells.

Dungeon Overview and Level Annotations

Branches:
Dungeon (3/15)

Altars:
Ashenzari
The Shining One


Message History

The gnoll is severely wounded.
The gnoll misses you. The gnoll hits you with a whip!
You hit the gnoll.
You kill the gnoll!
The gnoll barely misses you.
You hit the gnoll.
The gnoll is severely wounded.
The gnoll hits you with a halberd!!
* * * LOW HITPOINT WARNING * * *
Your magical contamination has completely faded away.
You hit the gnoll but do no damage.
The gnoll is severely wounded.
You barely miss the gnoll.
The gnoll is severely wounded.
The gnoll barely misses you.
You are feeling very hungry.
You hit the gnoll.
The gnoll is severely wounded.
The gnoll hits you with a halberd.
You die...

#..#...#)..#...#...#...#.......
#....#...#...#...#...#....#####
#..#...#...#...#...#...#..#
#....#...#...#...#...#....#
#..#...#...#(..#...#...#..#
#....#...#...#...#...#....#
#..#...#...#.).#...#...#..#
#....#...#...#g..#...#....#
#..#...#...#.)@#...#...#..#
###..#...#...#...#...#
###..#...#...#...#..
###..#...#...#.....#
###..#...#.....###
###..#..###### ###.### ###


You could see a gnoll.

Vanquished Creatures
  Sigmund (D:2)
  A hound zombie (D:3)
  Robin (D:2)
  3 gnolls (D:3)
  2 adders (D:2)
  An ooze (D:1)
  An adder skeleton (D:3)
  An adder zombie (D:3)
  A worm (D:2)
  A giant gecko (D:1)
  4 giant cockroaches
  15 goblins
  15 hobgoblins
  7 kobolds
  A quokka (D:2)
  A ball python (D:1)
  A ball python skeleton (D:3)
  6 bats
  A giant gecko zombie (D:3)
  4 giant newts
  8 rats
76 creatures vanquished.

Notes
Turn   | Place    | Note
--------------------------------------------------------------
     0 | D:1      | Leibowitz the Merfolk Gladiator began the quest for the Orb.
     0 | D:1      | Reached XP level 1. HP: 16/16 MP: 1/1
    17 | D:1      | Reached XP level 2. HP: 16/22 MP: 2/2
   315 | D:1      | Found a shattered altar of Ashenzari.
   354 | D:1      | Reached skill level 5 in Polearms
   377 | D:1      | Reached XP level 3. HP: 18/27 MP: 3/3
   743 | D:2      | Reached skill level 5 in Dodging
   824 | D:2      | Noticed Robin
   837 | D:2      | Reached skill level 1 in Armour
   845 | D:2      | Killed Robin
   845 | D:2      | Reached XP level 4. HP: 27/34 MP: 4/4
  1077 | D:2      | Found a glowing golden altar of the Shining One.
  1301 | D:2      | Noticed Sigmund
  1328 | D:2      | Killed Sigmund
  1328 | D:2      | Reached skill level 6 in Polearms
  1328 | D:2      | Reached skill level 1 in Stealth
  1328 | D:2      | Reached XP level 5. HP: 21/40 MP: 5/5
  1328 | D:2      | Reached XP level 6. HP: 24/46 MP: 6/6
  1833 | D:3      | HP: 2/47 [gnoll/halberd (18)]
  1836 | D:3      | Slain by a gnoll

Action                   |  1- 3 |  4- 6 || total
-------------------------+-------+-------++-------
Melee: Trident           |   120 |   115 ||   235
Throw: Throwing net      |       |     3 ||     3
  Use: Potion            |       |     8 ||     8
       Scroll            |       |     6 ||     6
 Stab: Sleeping          |     2 |     5 ||     7
       Invisible         |       |     1 ||     1
  Eat: Chunk             |       |     3 ||     3
